 Dungeon Crawl Stone Soup version 0.24.0-13-gcf9b3192b9 (webtiles) character file.

Game seed: 546308147671360504, levelgen mode: deterministic

259 Delamore the Cleaver (level 6, -1/51 HPs)
             Began as a Hill Orc Monk on Nov 5, 2019.
             Slain by a phantom (6 damage)
             ... on level 4 of the Dungeon.
             The game lasted 00:06:13 (3040 turns).

Delamore the Cleaver (Hill Orc Monk)                Turns: 3040, Time: 00:06:14

Health: -1/51      AC: 10    Str: 16    XL:     6   Next: 17%
Magic:  6/6        EV:  7    Int: 15    God:
Gold:   163        SH:  0    Dex: 13    Spells: 5/5 levels left

rFire    . . .     SeeInvis .   a - +0 hand axe
rCold    + . .     Gourm    .   (no shield)
rNeg     . . .     Faith    .   r - +1 chain mail {rC+}
rPois    .         Spirit   .   q - +0 helmet
rElec    .         Reflect  .   (no cloak)
rCorr    .         Harm     .   (no gloves)
MR       .....                  (no boots)
Stlth    ..........             p - amulet of the acrobat
HPRegen  0.17/turn              (no ring)
MPRegen  0.10/turn              (no ring)

@: brilliant, lethally poisoned (-1 -> -22)
A: no striking features
a: no special abilities


You were on level 4 of the Dungeon.
You were not hungry.

You visited 1 branch of the dungeon, and saw 4 of its levels.

You collected 163 gold pieces.

Inventory:

Hand Weapons
 a - a +0 hand axe (weapon)
Missiles
 b - 3 poisoned darts (quivered)
Armour
 q - a +0 helmet (worn)
 r - a +1 chain mail of cold resistance (worn)
Jewellery
 p - an amulet of the acrobat (around neck)
Wands
 m - a wand of enslavement (12)
 t - a wand of digging (4)
Scrolls
 d - a scroll of magic mapping {unknown}
 e - 4 scrolls of identify {unknown}
 f - a scroll of teleportation {unknown}
 g - 6 scrolls of remove curse {unknown}
 h - a scroll of amnesia {unknown}
 j - a scroll of enchant weapon {unknown}
 n - 2 scrolls of blinking {unknown}
Potions
 i - a potion of flight {unknown}
 k - a potion of magic {unknown}
 l - a potion of agility {unknown}
 s - a potion of invisibility {unknown}
Comestibles
 c - 6 rations
 u - 4 chunks of flesh


   Skills:
 - Level 3.6 Fighting
 + Level 8.7 Axes
 + Level 0.8 Armour
 - Level 2.4 Dodging
 - Level 1.5 Stealth


You had 5 spell levels left.
You didn't know any spells.
Your spell library was empty.

Dungeon Overview and Level Annotations

Branches:
Dungeon (4/15)
 Temple: D:4-7

Altars:
Cheibriados
Zin


Message History

You hit the worker ant but do no damage.
You closely miss the adder.
* * * LOW HITPOINT WARNING * * *
You feel sick. The phantom barely misses you. The worker ant bites you.
* * * LOW HITPOINT WARNING * * *
You are more poisoned.
The worker ant poisons you! The adder bites you but does no damage.
* * * LOW HITPOINT WARNING * * *
You feel sick.
The phantom hits you but does no damage.
The worker ant misses you.
Press: ? - help, v - describe, . - travel, g - get item A potion of haste.
The floor.
Unknown command.
It was a potion of brilliance.
You feel clever all of a sudden.
* * * LOW HITPOINT WARNING * * *
You feel sick. The phantom hits you.
You die...

.....###.....?..
......#.........
................
................
...............
..>.........#
..........####...
#....@S........
.#....Wa.#.....
!.%[.....## #..
.........#
......##.. ##....
.... #.... .....
.............
.##.. ........


You could see a phantom, a worker ant and an adder.

Vanquished Creatures
  A bullfrog (D:3)
  Terence (D:2)
  Robin (D:2)
  6 adders
  3 oozes
  2 leopard geckos
  6 bats
  5 giant cockroaches
  10 hobgoblins
  6 jackals
  2 quokkas (D:2)
  A ball python (D:1)
  A frilled lizard (D:3)
  24 goblins
  6 kobolds
  11 rats
86 creatures vanquished.

Notes
Turn   | Place    | Note
-------+----------+-------------------------------------------
     0 | D:1      | Delamore the Hill Orc Monk began the quest for the Orb.
     0 | D:1      | Reached XP level 1. HP: 19/19 MP: 1/1
   163 | D:1      | Reached XP level 2. HP: 19/26 MP: 2/2
   359 | D:1      | Reached skill level 5 in Axes
   529 | D:1      | Reached XP level 3. HP: 30/31 MP: 3/3
   796 | D:2      | Reached skill level 6 in Axes
   816 | D:2      | Reached XP level 4. HP: 7/39 MP: 4/4
  1430 | D:2      | Noticed Robin
  1431 | D:2      | Reached skill level 7 in Axes
  1686 | D:2      | Reached XP level 5. HP: 36/45 MP: 5/5
  1700 | D:2      | Killed Robin
  2047 | D:2      | Noticed Terence
  2068 | D:2      | Killed Terence
  2444 | D:3      | Reached skill level 8 in Axes
  2444 | D:3      | Reached XP level 6. HP: 49/51 MP: 6/6
  2710 | D:3      | Found a snail-covered altar of Cheibriados.
  2711 | D:3      | Found a glowing silver altar of Zin.
  3017 | D:4      | Noticed a phantom
  3040 | D:4      | Slain by a phantom

Levels and vault maps discovered:
D:1:      onia_arrival_handbag, layout_rooms
D:2:      layout_rooms, first_ration, minmay_misc_feat_five, st_stairs_9,
          uniq_terence, uniq_robin
D:3:      layout_basic, gammafunk_temple_overflow_pools
D:4:      layout_cave_pools, kennysheep_mini_moat,
          minmay_temple_entry_enclosed_plants, gammafunk_ghost_split

Skill      XL: |  1  2  3  4  5 |
---------------+----------------+-----
Axes           | 5 6 7 8 |  8.7
Fighting       | |  3.6
Armour         | |  0.8
Dodging        | |  2.4
Stealth        | |  1.5

Action                   |  1- 3 |  4- 6 || total
-------------------------+-------+-------++-------
Melee: Hand axe          |    97 |   204 ||   301
  Use: Potion            |       |     1 ||     1
 Stab: Sleeping          |     5 |     1 ||     6
  Eat: Chunk             |       |     7 ||     7
Armor: Robe              |     9 |    12 ||    21
       Chain mail        |       |    69 ||    69
       Animal skin       |       |     6 ||     6
Dodge: Dodged            |    49 |   146 ||   195
